 Dungeon Crawl Stone Soup version 0.26-a0-682-g294304f6e8 (webtiles) character file.

Game seed: 2741254351902219138

0 Gargoyl the Skirmisher (level 1, -19/23 HPs)
             Began as a Gnoll Abyssal Knight on Oct 20, 2020.
             Was a Follower of Lugonu.
             Demolished by a tentacled starspawn (21 damage)
             ... on level 2 of the Abyss.
             The game lasted 00:00:25 (73 turns).

Gargoyl the Skirmisher (Gnoll Abyssal Knight)         Turns: 73, Time: 00:00:25

Health: -19/23     AC:  3    Str: 14    XL:     1   Next: 0%
Magic:  3/3        EV: 12    Int: 14    God:    Lugonu [*.....]
Gold:   27         SH:  0    Dex: 14    Spells: 0/0 levels left

rFire    . . .     SeeInvis .   a - +1 hand axe
rCold    . . .     Faith    .   (no shield)
rNeg     . . .     Spirit   .   b - +0 leather armour
rPois    .         Reflect  .   (no helmet)
rElec    .         Harm     .   (no cloak)
rCorr    .         Rampage  .   (no gloves)
MR       .....                  (no boots)
Stlth    +.........             (no amulet)
HPRegen  0.07/turn              (no ring)
MPRegen  0.08/turn              (no ring)

@: no status effects
A: distributed training, fangs 1, strong nose
a: Depart the Abyss, Renounce Religion


You were on level 2 of the Abyss.
You worshipped Lugonu.
Lugonu was aware of your devotion.
You visited 0 branches of the dungeon, and saw 0 of its levels.
You visited the Abyss 1 time.

You collected 27 gold pieces.

Inventory:

Hand Weapons
 a - a +1 hand axe (weapon)
Missiles
 c - 8 silver javelins (quivered)
Armour
 b - a +0 leather armour (worn)


   Skills:
 + Level 6.4 Fighting
 + Level 0.0 Short Blades
 + Level 0.0 Long Blades
 + Level 4.4 Axes
 + Level 0.0 Maces & Flails
 + Level 0.0 Polearms
 + Level 0.0 Staves
 + Level 0.0 Slings
 + Level 0.0 Bows
 + Level 0.0 Crossbows
 + Level 0.0 Throwing
 + Level 4.4 Armour
 + Level 2.3 Dodging
 + Level 0.0 Stealth
 + Level 0.0 Shields
 + Level 0.0 Unarmed Combat
 + Level 0.0 Spellcasting
 + Level 0.0 Conjurations
 + Level 0.0 Hexes
 + Level 0.0 Summonings
 + Level 0.0 Necromancy
 + Level 0.0 Translocations
 + Level 0.0 Transmutations
 + Level 0.0 Fire Magic
 + Level 0.0 Ice Magic
 + Level 0.0 Air Magic
 + Level 0.0 Earth Magic
 + Level 0.0 Poison Magic
 + Level 4.4 Invocations
 + Level 0.0 Evocations


You couldn't memorise any spells.
You didn't know any spells.
Your spell library was empty.

Dungeon Overview and Level Annotations

Branches:
Dungeon (0/15)

Altars:


Innate Abilities, Weirdness & Mutations

Your experience applies equally to all skills.
You have very sharp teeth.
Your uncanny sense of smell can sniff out nearby items.


Message History

You escape the starspawn tentacle's grasp.
c - a scroll labeled DUASHAIKUE
There are no items here.
As you read the scroll labeled DUASHAIKUE, it crumbles to dust.
You feel blessed for a moment.
It was a scroll of remove curse.
Tentacles burst from the starspawn's body! 2 starspawn tentacles come into view.
Found 8 silver javelins.
You feel yourself growing ill in the presence of the ancient zyme.
The tentacled starspawn bites you!!
Ouch! That really hurt!
* * * LOW HITPOINT WARNING * * *
The tentacled starspawn engulfs you.
* * * LOW HITPOINT WARNING * * *
You see here 8 silver javelins.
c - 8 silver javelins The tentacled starspawn barely misses you.
The tentacled starspawn engulfs you!!
Ouch! That really hurt!
You die...

#. # . ..#. .## #
...#. ..#.. ##...#
#.#.. #..#..# ...
..§.#..##.#
#....#@..##
#.#..X#.#
#.#.#....#
#######..#
##.....#...x§§#
#.....#.##...§# #.
......##...# .#
.##..#.#.#.#.#.
#..##....#.#..#...


You could see a tentacled starspawn and an ancient zyme.

Vanquished Creatures (others)
  8 starspawn tentacles (Abyss:2)
8 creatures vanquished.

Notes
Turn   | Place    | Note
-------+----------+-------------------------------------------
     0 | Abyss:1  | Gargoyl the Gnoll Abyssal Knight began the quest for the
                  | Orb.
     0 | Abyss:1  | Reached XP level 1. HP: 23/23 MP: 3/3
     2 | Abyss:1  | Noticed a great orb of eyes
    32 | Abyss:2  | Noticed a tentacled starspawn
    70 | Abyss:2  | Noticed a tentacled starspawn
    70 | Abyss:2  | Noticed an ancient zyme
    73 | Abyss:2  | Demolished by a tentacled starspawn

Illustrated notes

Levels and vault maps discovered:
Abyss:2:  evilmike_abyss_exit_chaos, hangedman_abyss_mock_shop

Action                   || total
-------------------------++-------
  Use: Scroll            ||     2
       Potion            ||     1
Dodge: Dodged            ||     2

Table legend: (Time is in decaauts)
 A = Elapsed time spent in this place.
 B = Non-inter-level travel time spent in this place.
 C = Inter-level travel time spent in this place.
 D = Time resting spent in this place.
 E = Time spent auto-exploring this place.
 F = Levels seen in this place.
 G = Mean time per level.
                   A        B        C        D        E       F      G
               +--------+--------+--------+--------+--------+-----+--------+
         Total |     72 |     72 |      0 |      0 |     22 |   2 |   36.0 |
         Abyss |     72 |     72 |      0 |      0 |     22 |   2 |   36.0 |
               +--------+--------+--------+--------+--------+-----+--------+

Top non-repeatable levels by time:
 Abyss:2: 63 daAuts
 Abyss:1: 9 daAuts
